 Dungeon Crawl Stone Soup version 0.26.1-2-gb8aa6d0 (webtiles) character file.

Game seed: 236663438350018335

455 Nithhogg the Chopper (level 7, -4/56 HPs)
             Began as a Barachi Fighter on Mar 31, 2021.
             Killed from afar by an electric eel (15 damage)
             ... with a bolt of electricity
             ... on level 7 of the Dungeon.
             The game lasted 00:05:37 (2312 turns).

Nithhogg the Chopper (Barachi Fighter)              Turns: 2312, Time: 00:05:38

Health: -4/56      AC:  8    Str: 20    XL:     7   Next: 5%
Magic:  7/7        EV: 11    Int:  8    God:
Gold:   96         SH:  0    Dex: 13    Spells: 6/6 levels left

rFire    . . .     SeeInvis .   a - +0 war axe
rCold    . . .     Faith    .   (no shield)
rNeg     . . .     Spirit   .   b - +0 scale mail
rPois    .         Reflect  .   l - +0 helmet
rElec    .         Harm     .   (no cloak)
rCorr    .         Rampage  .   (no gloves)
Will     .....                  (no boots)
Stlth    ..........             (no amulet)
HPRegen  0.18/turn              (no ring)
MPRegen  0.10/turn              (no ring)

@: slow
A: +LOS, swims, agile 1, slowness 1, MP-powered wands, strong legs 1
a: Hop


You were on level 7 of the Dungeon.
You visited 1 branch of the dungeon, and saw 5 of its levels.

You collected 96 gold pieces.

Inventory:

Hand Weapons
 a - a +0 war axe (weapon)
 n - a +2 vorpal hunting sling
Armour
 b - a +0 scale mail (worn)
 c - a +0 kite shield
 k - a cursed +0 robe
 l - a +0 helmet (worn)
Jewellery
 d - the ring of Dorar {rPois rC+ Str+4 Dex+5 SInv, unknown}
   (You found it on level 6 of the Dungeon)

   [ring of poison resistance]

   It affects your strength (+4).
   It affects your dexterity (+5).
   It protects you from cold.
   It protects you from poison.
   It lets you see invisible.
Scrolls
 f - 2 scrolls of identify
 g - 2 scrolls of teleportation
 h - a scroll of remove curse {unknown}
 i - 3 scrolls of amnesia {unknown}
 j - a scroll of fear {unknown}


   Skills:
 + Level 5.2 Fighting
 * Level 5.3 Axes
 + Level 5.2 Armour
 + Level 3.1 Dodging
 - Level 3.2 Shields


You had 6 spell levels left.
You didn't know any spells.
Your spell library contained the following spells:

 Spells                   Type           Power        Failure   Level
 Corona                   Hex            0%           75%         1
 Ensorcelled Hibernation  Hex/Ice        0%           87%         2
 Confusing Touch          Hex            0%           98%         3
 Dazzling Flash           Conj/Hex       0%           98%         3
 Tukima's Dance           Hex            0%           98%         3


Dungeon Overview and Level Annotations

Branches:
Dungeon (6/15)
 Temple: D:4-7

Altars:


Innate Abilities, Weirdness & Mutations

You can be seen from farther away. (+LOS)
You can swim through water.
You cover ground slowly.
You can hop short distances.
You are agile. (Dex +2)
You expend magic power (3 MP) to strengthen your wands.


Message History

Found 11 stones.
You start resting.
A wyvern zombie is nearby!
Found 21 stones and a yellow potion.
You fall into a shaft and drop 1 floor!
The shaft crumbles and collapses.
An orc comes into view. It is wielding a +0 hand axe.
The orc shouts!
Found 23 stones and a plate armour.
Found a stone staircase leading down.
An electric eel comes into view.
The electric eel shoots out a bolt of lightning at you!
The bolt of electricity misses you.
The electric eel shoots out a bolt of lightning at you!
The bolt of electricity hits you.
* * * LOW HITPOINT WARNING * * *
The bolt of electricity hits you.
* * * LOW HITPOINT WARNING * * *
The electric eel shoots out a bolt of lightning at you!
The bolt of electricity hits you!
You die...

......[.........
.≈≈..P≈..≈o.≈..
.≈≈≈≈≈≈P≈..≈≈###
≈≈≈≈≈≈≈≈≈≈P;≈≈≈###
≈≈≈≈≈≈≈≈≈≈≈≈≈≈≈≈≈≈
P≈≈.≈P≈≈≈≈≈≈≈≈≈≈≈
...≈≈≈.≈....######
.#.........(.....#
...######...@..#.#
. #####....# .>###
.## .# .# ##


You could see an electric eel and an orc.

Vanquished Creatures
  A centaur (D:6)
  2 bullfrogs (D:6)
  A howler monkey (D:6)
  A hound (D:6)
  A bullfrog skeleton (D:6)
  3 gnolls (D:6)
  4 adders
  A white imp (D:6)
  An ufetubus (D:6)
  2 worms (D:2)
  A dart slug (D:2)
  A leopard gecko (D:2)
  4 orcs (D:3)
  A ball python (D:1)
  9 bats
  5 giant cockroaches
  6 goblins
  10 hobgoblins
  3 jackals (D:3)
  2 quokkas
  4 frilled lizards
  6 kobolds
  A quokka zombie (D:6)
  4 rats
74 creatures vanquished.

Notes
Turn   | Place    | Note
-------+----------+-------------------------------------------
     0 | D:1      | Nithhogg the Barachi Fighter began the quest for the Orb.
     0 | D:1      | Reached XP level 1. HP: 18/18 MP: 1/1
    82 | D:1      | Reached XP level 2. HP: 13/25 MP: 2/2
   745 | D:2      | Reached skill level 1 in Dodging
   752 | D:2      | Reached XP level 3. HP: 27/30 MP: 3/3
  1411 | D:2      | Reached XP level 4. HP: 32/37 MP: 4/4
  2018 | D:3      | You fall into a shaft and drop 3 floors!
  2053 | D:6      | Noticed a bullfrog
  2061 | D:6      | Reached XP level 5. HP: 43/43 MP: 5/5
  2064 | D:6      | Noticed a centaur
  2066 | D:6      | Noticed a phantom
  2070 | D:6      | Reached XP level 6. HP: 40/49 MP: 6/6
  2078 | D:6      | Reached skill level 5 in Fighting
  2078 | D:6      | Reached skill level 5 in Armour
  2079 | D:6      | Got a vibrating iron ring
  2085 | D:6      | Reached skill level 5 in Axes
  2127 | D:6      | Gained mutation: You are agile. (Dex +2) [potion of
                  | mutation]
  2127 | D:6      | Gained mutation: You expend magic power (3 MP) to
                  | strengthen your wands. [potion of mutation]
  2223 | D:6      | Reached XP level 7. HP: 32/56 MP: 7/7
  2308 | D:6      | You fall into a shaft and drop 1 floor!
  2312 | D:7      | Killed from afar by an electric eel

Illustrated notes

Levels and vault maps discovered:
D:1:      saegor_arrival_simple_b, layout_rooms
D:2:      layout_loops_ring
D:3:      layout_basic, nicolae_overflow_hidden_temple,
          minmay_misc_feat_encased, hangedman_abyss_or_decor_stabs, uniq_natasha
D:6:      layout_loops_ring, gammafunk_temple_overflow_claw,
          grunt_decor_resistance
D:7:      layout_basic, kennysheep_mini_moat, zin_angel, serial_shops, shop,
          chequers_big_river, minmay_shop_mayhem

Skill      XL: |  1  2  3  4  5  6 |
---------------+-------------------+-----
Dodging        | 1 2 3 |  3.1
Fighting       | 4 5 |  5.2
Axes           | 3 4 5 |  5.3
Armour         | 4 5 |  5.2
Shields        | |  3.2

Action                   |  1- 3 |  4- 6 |  7- 9 || total
-------------------------+-------+-------+-------++-------
Melee: War axe           |   127 |   111 |     9 ||   247
 Abil: Hop               |     1 |     1 |       ||     2
  Use: Potion            |       |     3 |       ||     3
       Scroll            |       |     2 |     1 ||     3
Armor: Scale mail        |   103 |    60 |    13 ||   176
Dodge: Dodged            |   105 |    71 |    11 ||   187
